Match 33809920
Unlisted

Match 33809920
End
Kradschützen Motorcycle Team
Selects Italian Infantry
Panzergrenadier Squad
Panzergrenadier Squad
Construct Light Support Kompanie
Assault Grenadier Squad
Selects Guastatori Squad
Selects L6/40 Light Tank Combat Group
L6/40 Light Tank Combat Group
Fire Support Elements
2.5-tonne Medical Truck
Selects Sound the Alarm
Pak 38 Mechanized Group
Veteran Squad Leaders
Construct Panzerarmee Kommand
Selects Prepared Positions
Combat Half-tracks
jessyjames
|_THUNDER_|
gonky
Inspector Butters
Hazard
gUi
0
0

Comments sign in to comment!

No comments posted yet!